 Dungeon Crawl Stone Soup version 0.21-a0-78-g82a99e0 (webtiles) character file.

630 Duffy the Conjurer (level 7, 56/56 HPs)
             Began as a Black Draconian Fire Elementalist on June 21, 2017.
             Quit the game on level 5 of the Dungeon.
             The game lasted 00:07:16 (5007 turns).

Duffy the Conjurer (DrFE)                           Turns: 5007, Time: 00:07:17

Health: 56/56      AC: 11    Str: 10    XL:     7   Next: 24%
Magic:  10/10      EV: 12    Int: 17    God:
Gold:   279        SH:  0    Dex: 12    Spells: 4/11 levels left

rFire    . . .     SeeInvis .   a - +2 short sword (venom)
rCold    . . .     Gourm    .   (no shield)
rNeg     . . .     Faith    .   (armour unavailable)
rPois    .         Spirit   .   (helmet restricted)
rElec    +         Reflect  .   (no cloak)
rCorr    .         Harm     .   f - +2 pair of gloves
MR       .....                  e - +1 pair of boots
Stlth    +.........             l - amulet of inaccuracy (curse)
HPRegen  0.18/turn              E - ring of flight
MPRegen  0.12/turn              x - ring of loudness (curse)

@: very slightly contaminated
A: breathe lightning, unfitting armour, electricity resistance, cold-blooded, AC
+6
a: Breathe Lightning, Evoke Flight


You were on level 5 of the Dungeon.
You were not hungry.

You visited 1 branch of the dungeon, and saw 5 of its levels.

You collected 279 gold pieces.

Inventory:

Hand Weapons
 a - a +2 short sword of venom (weapon)
 m - a +2 dagger of pain
 q - a +2 trident of protection
Armour
 e - a +1 pair of boots (worn)
 f - a +2 pair of gloves (worn)
Jewellery
 l - a cursed amulet of inaccuracy (around neck)
 t - an uncursed ring of protection from magic
 x - a cursed ring of loudness (right hand)
 C - an uncursed ring of poison resistance
 E - a ring of flight (left hand)
Wands
 u - a wand of enslavement (11/24)
 z - a wand of confusion (34/48)
Scrolls
 d - a scroll of enchant weapon
 j - a scroll of random uselessness
 v - a scroll of blinking
Potions
 g - a potion of curing {unknown}
 h - 3 potions of heal wounds
 i - 2 potions of haste
 o - a potion of agility
 r - a potion of degeneration {unknown}
 s - a potion of resistance {unknown}
 D - a potion of magic {unknown}
Books
 c - a book of Flames

   Spells                             Type                      Level
   a - Flame Tongue                   Conjuration/Fire             1
   b - Throw Flame                    Conjuration/Fire             2
   c - Conjure Flame                  Conjuration/Fire             3
   d - Inner Flame                    Hexes/Fire                   3
   e - Sticky Flame                   Conjuration/Fire             4
   f - Fireball                       Conjuration/Fire             5
Comestibles
 b - 4 bread rations
 n - 5 meat rations
 p - 4 fruits
 A - 2 chunks of flesh


   Skills:
 - Level 2.5 Fighting
 - Level 1.7 Dodging
 - Level 1.7 Stealth
 - Level 2.5 Spellcasting
 + Level 5.5 Conjurations
 + Level 5.4 Fire Magic


You had 4 spell levels left.
You knew the following spells:

 Your Spells              Type           Power        Failure   Level  Hunger
j - Sticky Flame          Conj/Fire      ###.....     19%         4    #####..
l - Conjure Flame         Conj/Fire      ###.....     6%          3    ###....


Dungeon Overview and Level Annotations

Branches:
Dungeon (5/15)
 Temple: D:4-7

Altars:
Kikubaaqudgha
Okawaru
Sif Muna
Yredelemnul

Shops:
D:4 [


Innate Abilities, Weirdness & Mutations

You can breathe wild blasts of lightning.
Your glossy black scales are hard. (AC +6)
You cannot fit into any form of body armour.
You are resistant to electric shocks. (rElec)
You are cold-blooded and may be slowed by cold attacks.


Message History

It is a scroll of amnesia.
Forget which spell ([?*] list [ESC] exit)?
Your memory of Flame Tongue unravels.
The frilled lizard closely misses you.
As you read the scroll labeled LOIRAM RESO, it crumbles to dust.
It is a scroll of enchant armour.
Your +0 pair of boots glows green for a moment.
The frilled lizard barely misses you.
As you read the scroll labeled MORPHI RIKHUCEO, it crumbles to dust.
It is a scroll of recharging.
Charge which item? (? for menu, Esc to quit)
Your wand of confusion (?/48) glows for a moment.
The frilled lizard closely misses you.
As you read the scroll labeled ZAN HUCZEGEISO, it crumbles to dust.
You assume a fearsome visage.
The frilled lizard looks frightened!
It was a scroll of fear.
Okay, then.
Remove which piece of jewellery? (? for menu, Esc to quit)
It's stuck to you!
Unknown command.
Are you sure you want to abandon this character and quit the game? (Confirm with "yes".)

#......................
#......................
#......(........).....
..#+###+######....###
.. #....+ . +....#
#....# #....# #..@.#
#.(..# #..l.# #....#
#....# #....+ #....#
#....#


You could see a frilled lizard (fleeing).

Vanquished Creatures
  2 ogres
  2 crimson imps (D:5)
  A jelly (D:3)
  An orc priest (D:4)
  3 orc wizards
  Ijyb (D:4)
  Terence (D:2)
  3 gnolls (D:4)
  6 adders
  A shadow imp (D:5)
  An ooze (D:1)
  7 worms
  A dart slug (D:2)
  3 leopard geckos
  8 orcs
  2 ball pythons
  7 bats
  4 giant cockroaches
  6 goblins
  9 hobgoblins
  2 jackals (D:4)
  3 quokkas
  3 frilled lizards
  7 kobolds
  A leopard gecko skeleton (D:4)
  3 rats
88 creatures vanquished.

Notes
Turn   | Place    | Note
-------+----------+-------------------------------------------
     0 | D:1      | Duffy the Draconian Fire Elementalist began the quest for the Orb.
     0 | D:1      | Reached XP level 1. HP: 14/14 MP: 3/3
   162 | D:1      | Reached skill level 1 in Fighting
   291 | D:1      | Reached XP level 2. HP: 20/24 MP: 5/5
   965 | D:2      | Reached XP level 3. HP: 20/30 MP: 6/6
  1065 | D:2      | Learned a level 3 spell: Conjure Flame
  1423 | D:2      | Reached XP level 4. HP: 37/37 MP: 7/7
  1575 | D:2      | Found an ancient bone altar of Kikubaaqudgha.
  1580 | D:2      | Noticed Terence
  1611 | D:2      | Killed Terence
  2229 | D:2      | Learned a level 4 spell: Sticky Flame
  2426 | D:3      | Found an iron altar of Okawaru.
  2529 | D:3      | Found a basalt altar of Yredelemnul.
  2606 | D:3      | Reached XP level 5. HP: 42/42 MP: 8/8
  3434 | D:4      | Found Fyoskeek's Antique Armour Shop.
  3535 | D:4      | Noticed Ijyb
  3546 | D:4      | Killed Ijyb
  3889 | D:4      | Noticed an ogre
  3915 | D:4      | Killed an ogre
  3915 | D:4      | Reached XP level 6. HP: 50/50 MP: 1/9
  4225 | D:4      | Found a deep blue altar of Sif Muna.
  4639 | D:5      | Entered Level 5 of the Dungeon
  4718 | D:4      | Reached skill level 5 in Conjurations
  4766 | D:5      | Reached skill level 5 in Fire Magic
  4766 | D:5      | Your scales start taking on a glossy black colour.
  4766 | D:5      | Reached XP level 7. HP: 51/56 MP: 1/10
  4766 | D:5      | Gained mutation: You are resistant to electric shocks. (rElec) [Black Draconian growth]
  4841 | D:5      | Gained mutation: Your magical capacity is low. (-10% MP) [potion of mutation]
  4841 | D:5      | Gained mutation: Your magical capacity is very low. (-20% MP) [potion of mutation]
  4841 | D:5      | Gained mutation: You are agile. (Dex +2) [potion of mutation]
  4842 | D:5      | Lost mutation: You are agile. (Dex +2) [potion of mutation]
  4842 | D:5      | Lost mutation: Your magical capacity is very low. (-20% MP) [potion of mutation]
  4842 | D:5      | Lost mutation: Your magical capacity is low. (-10% MP) [potion of mutation]
  4842 | D:5      | Gained mutation: You are weak. (Str -2) [potion of mutation]
  4842 | D:5      | Lost mutation: You are weak. (Str -2) [potion of mutation]
  5007 | D:5      | Quit the game

Vault maps used:
D:1:      mrwooster_arrival_statue_2
D:2:      lemuel_crystal_altar, minmay_tetromino_s4, uniq_terence
D:3:      nicolae_overflow_crystal_walls, yredelemnul_altar_generic, first_bread
D:4:      led_sif_book, serial_shops, nicolae_shop_stone, uniq_ijyb
D:5:      kennysheep_mini_moat, lemuel_temple_firewalk_a, uniq_duvessa,
          uniq_eustachio

Skill      XL: |  1  2  3  4  5  6 |
---------------+-------------------+-----
Fighting       | 1 2 |  2.5
Conjurations   | 3 4 5 |  5.5
Fire Magic     | 4 5 |  5.4
Dodging        | |  1.7
Stealth        | |  1.7
Spellcasting   | |  2.5

Action                   |  1- 3 |  4- 6 |  7- 9 || total
-------------------------+-------+-------+-------++-------
Melee: Short sword       |    87 |   180 |    36 ||   303
       Tailslap          |     5 |    16 |     5 ||    26
 Cast: Flame Tongue      |       |    12 |       ||    12
       Conjure Flame     |       |     2 |       ||     2
       Sticky Flame      |       |     1 |       ||     1
 Abil: Breathe Lightning |       |       |     1 ||     1
  Use: Scroll            |       |       |    11 ||    11
       Potion            |       |       |     2 ||     2
 Stab: Sleeping          |     4 |     3 |       ||     7
  Eat: Chunk             |     2 |    11 |     1 ||    14
Armor: Skin              |    35 |    54 |    15 ||   104
Dodge: Dodged            |    56 |    94 |    22 ||   172
